 Dungeon Crawl Stone Soup version 0.22-a0-409-gb855193 (webtiles) character file.

1769 panicbit the Cleaver (level 8, 0/70 HPs)
             Began as a Minotaur Fighter on May 10, 2018.
             Killed by divine providence
             ... invoked by an orc priest
              (15 damage)
             ... on level 6 of the Dungeon.
             The game lasted 00:10:15 (4927 turns).

panicbit the Cleaver (Minotaur Fighter)             Turns: 4927, Time: 00:10:16

Health: 0/70       AC: 12    Str: 22    XL:     8   Next: 80%
Magic:  7/7        EV:  6    Int:  5    God:
Gold:   277        SH: 10    Dex: 11    Spells: 7/7 levels left

rFire    . . .     SeeInvis .   A - +2 war axe
rCold    . . .     Gourm    +   c - +0 shield
rNeg     . . .     Faith    .   z - +0 plate armour
rPois    .         Spirit   .   (helmet restricted)
rElec    .         Reflect  .   (no cloak)
rCorr    .         Harm     .   (no gloves)
MR       .....                  (no boots)
Stlth    ..........             t - amulet of the gourmand
HPRegen  0.21/turn              k - ring of stealth
MPRegen  0.10/turn              (no ring)

@: drained
A: retaliatory headbutt, horns 2
a: no special abilities


You were on level 6 of the Dungeon.
You were very full.

You visited 1 branch of the dungeon, and saw 6 of its levels.

You collected 277 gold pieces.

Inventory:

Hand Weapons
 A - a +2 war axe (weapon)
Armour
 b - a +0 scale mail
 c - a +0 shield (worn)
 z - a +0 plate armour (worn)
Jewellery
 k - a ring of stealth (left hand)
 t - an amulet of the gourmand (around neck)
 u - an uncursed ring of ice
 y - an uncursed amulet of the acrobat {unknown}
Scrolls
 e - 5 scrolls of teleportation {unknown}
 i - 5 scrolls of remove curse {unknown}
 j - 10 scrolls of identify {unknown}
 m - a scroll of immolation {unknown}
 n - a scroll of magic mapping {unknown}
 p - a scroll of noise {unknown}
 q - 2 scrolls of enchant armour {unknown}
 r - 2 scrolls of blinking {unknown}
 s - 2 scrolls of amnesia {unknown}
 v - a scroll of fog {unknown}
 B - a scroll of holy word {unknown}
Potions
 d - 2 potions of might
 g - 2 potions of agility {unknown}
 h - 2 potions of brilliance {unknown}
 l - a potion of haste {unknown}
 o - 2 potions of flight {unknown}
 w - 2 potions of heal wounds {unknown}
 x - a potion of cancellation {unknown}
Comestibles
 f - 9 rations


   Skills:
 + Level 6.0(5.4) Fighting
 + Level 9.0(8.3) Axes
 + Level 7.2(6.5) Armour
 + Level 3.2(2.6) Dodging
 + Level 0.6(0.1) Stealth
 + Level 6.6(6.0) Shields


You had 7 spell levels left.
You didn't know any spells.

Dungeon Overview and Level Annotations

Branches:
Dungeon (6/15)
 Temple: D:4-7

Altars:
Gozag
Makhleb
Trog
Xom


Innate Abilities, Weirdness & Mutations

You reflexively headbutt those who attack you in melee.
You have a pair of horns on your head.


Message History

There are monsters nearby!
The orc priest shouts!
You block the orc warrior's attack.
You hit the orc warrior.
The orc warrior is lightly wounded.
The orc priest looks satisfied for a moment.
The orc warrior hits you with a mace!
You slash the orc warrior!
The orc warrior is moderately wounded.
The orc warrior hits you with a mace!
You are too injured to fight recklessly!
You are too injured to fight recklessly!
You are too injured to fight recklessly!
Unknown command.
The orc priest calls down the wrath of Beogh upon you.
Beogh smites you!
* * * LOW HITPOINT WARNING * * *
The orc priest invokes the aid of Beogh against you.
Beogh smites you!
You die...

.....############ #.# #.#......
.....#..........# #.#####.#......
.....#..........# #.#............
####.#..........# #.#.#####)..)).
###..[.........# #...o..o......)
#>.............# ###.#####......
#.###..........# #.##.........
#..............#####o##.##......
#..#.......[..<@.o...##.#######.
#..#....J......########.#######.
#...............................
###.#...........#####.##.########
....#...........# #.##.#
#####.#########.#####.##.########
#.(.............#.##.#.......
############.##.#.##.#.######
#.##.#.##.#.......


You could see an orc warrior, a jelly (wandering) and an orc priest.

Vanquished Creatures
  Pikel (D:5)
  A phantom (D:4)
  4 centaurs
  An ogre (D:3)
  A bullfrog (D:6)
  4 wights (D:6)
  A howler monkey (D:6)
  A bullfrog zombie (D:6)
  2 orc priests
  4 hounds
  A bullfrog skeleton (D:6)
  An orc wizard (D:6)
  5 worker ants
  A killer bee zombie (D:5)
  7 adders
  2 oozes
  2 worms
  A dart slug (D:1)
  3 leopard geckos
  8 orcs
  13 bats
  7 giant cockroaches
  10 goblins
  4 hobgoblins
  2 jackals (D:3)
  A ball python (D:2)
  8 frilled lizards
  2 giant cockroach zombies (D:1)
  6 kobolds
  A leopard gecko skeleton (D:4)
  A leopard gecko zombie (D:6)
  A quokka zombie (D:6)
  8 rats
115 creatures vanquished.

Notes
Turn   | Place    | Note
-------+----------+-------------------------------------------
     0 | D:1      | panicbit the Minotaur Fighter began the quest for the Orb.
     0 | D:1      | Reached XP level 1. HP: 19/19 MP: 0/0
   118 | D:1      | Reached XP level 2. HP: 26/27 MP: 1/1
   544 | D:2      | Reached XP level 3. HP: 33/33 MP: 2/2
   590 | D:2      | Reached skill level 3 in Axes
   826 | D:2      | Reached skill level 1 in Dodging
   852 | D:2      | Found a burning altar of Makhleb.
   852 | D:2      | Found a shimmering altar of Xom.
  1071 | D:2      | Reached XP level 4. HP: 40/40 MP: 3/3
  1500 | D:3      | Noticed an ogre
  1506 | D:3      | Killed an ogre
  1506 | D:3      | Reached skill level 4 in Axes
  1506 | D:3      | Reached XP level 5. HP: 23/47 MP: 4/4
  2422 | D:4      | Reached XP level 6. HP: 46/53 MP: 5/5
  2527 | D:4      | Reached skill level 5 in Axes
  2527 | D:4      | Reached skill level 5 in Armour
  2527 | D:4      | Reached skill level 5 in Shields
  2582 | D:4      | Found a bloodstained altar of Trog.
  2948 | D:5      | Entered Level 5 of the Dungeon
  3025 | D:5      | Noticed Pikel
  3025 | D:5      | Noticed a slave
  3027 | D:5      | Noticed a slave
  3028 | D:5      | Noticed a slave
  3028 | D:5      | Noticed a slave
  3045 | D:5      | Killed Pikel
  3045 | D:5      | Reached skill level 5 in Fighting
  3045 | D:5      | Reached skill level 6 in Axes
  3045 | D:5      | Reached XP level 7. HP: 44/61 MP: 6/6
  3062 | D:5      | Found an opulent altar of Gozag.
  3125 | D:5      | Reached skill level 7 in Axes
  3545 | D:5      | Reached XP level 8. HP: 65/68 MP: 7/7
  4340 | D:6      | Reached skill level 8 in Axes
  4637 | D:6      | Found a bloodstained altar of Trog.
  4776 | D:6      | Reached skill level 9 in Axes
  4927 | D:6      | Killed from afar by an orc priest

Vault maps used:
D:1:      saegor_arrival_fortress
D:2:      gammafunk_temple_overflow_wave
D:3:      first_ration
D:4:      serial_glass, glass_columns_a, glass_columns_a, glass_columns_a,
          glass_columns_b, glass_columns_b, glass_columns_a,
          due_unseen_surprise, feat_on_display, trog_book
D:5:      nicolae_gozag_cash_rules_everything_around_me, uniq_pikel
D:6:      nicolae_overflow_crystal_walls

Skill      XL: |  1  2  3  4  5  6  7  8 |
---------------+-------------------------+-----
Fighting       | 4 5 6 |  6.0
Armour         | 4 6 7 |  7.2
Shields        | 4 5 6 |  6.6
Axes           | 3 4 6 7 9 |  9.0
Dodging        | 1 2 3 |  3.2
Stealth        | |  0.6

Action                   |  1- 3 |  4- 6 |  7- 9 || total
-------------------------+-------+-------+-------++-------
Melee: War axe           |    76 |   121 |    93 ||   290
       Headbutt          |    11 |    21 |    25 ||    57
  Eat: Chunk             |     1 |    12 |    11 ||    24
Armor: Scale mail        |    30 |    41 |    13 ||    84
       Plate armour      |       |       |    11 ||    11
Dodge: Dodged            |    26 |    47 |    39 ||   112
Block: Shield            |    51 |    76 |    57 ||   184

Table legend:
 A = Spawn XP
 B = Non-spawn XP
 C = Spawn XP percentage of total XP
 D = Spawn monster count
 E = Non-spawn monster count
 F = Spawn count percentage of total count
 G = Total turns spent on level
                    A         B        C        D         E        F      G
               +---------+---------+-------+---------+---------+-------+---------
         Total |       0 |    2528 |   0.0 |       0 |     115 |   0.0 |  4927
               +---------+---------+-------+---------+---------+-------+---------
           D:1 |       0 |      40 |   0.0 |       0 |      22 |   0.0 |   541
           D:2 |       0 |      77 |   0.0 |       0 |      28 |   0.0 |   660
           D:3 |       0 |     207 |   0.0 |       0 |      21 |   0.0 |  1044
           D:4 |       0 |     277 |   0.0 |       0 |      11 |   0.0 |   703
           D:5 |       0 |    1252 |   0.0 |       0 |      16 |   0.0 |  1272
           D:6 |       0 |     675 |   0.0 |       0 |      17 |   0.0 |   707
               +---------+---------+-------+---------+---------+-------+---------
